 Dungeon Crawl Stone Soup version 0.28-a0-1184-g53156a8862 (webtiles) character file.

Game seed: 345705124976951083

1608 ytrimaz the Insei (level 8, 0/54 HPs)
             Began as an Octopode Transmuter on Dec 17, 2021.
             Slain by a scorpion (6 damage)
             ... on level 7 of the Dungeon.
             The game lasted 00:08:04 (9850 turns).

ytrimaz the Insei (Octopode Transmuter)             Turns: 9850, Time: 00:08:04

Health: 0/54       AC:  1    Str:  9    XL:     8   Next: 95%
Magic:  16/16      EV: 13    Int: 18    God:
Gold:   154        SH:  0    Dex: 12    Spells: 8/18 levels left

rFire   . . .      SeeInvis .     - Unarmed
rCold   . . .      Faith    .   (no shield)
rNeg    . . .      Spirit   .   (helmet restricted)
rPois   .          Reflect  .   j - amulet of magic regeneration
rElec   .          Harm     .   g - ring of resist corrosion
rCorr   +          Rampage  .   l - ring of willpower
Will    +....                   (no ring)
Stlth   ++........              (no ring)
HPRegen 0.18/turn               (no ring)
MPRegen 0.55/turn               (no ring)
                                (no ring)
                                (no ring)

@: about to teleport
A: almost no armour, amphibious, 8 rings, camouflage 1, gelatinous body 1,
(nimble swimmer 1), tentacles
a: no special abilities


You were on level 7 of the Dungeon.
You visited 1 branch of the dungeon, and saw 7 of its levels.

You collected 258 gold pieces.
You spent 104 gold pieces at shops.

Inventory:

Missiles
 n - 2 throwing nets
Jewellery
 g - a ring of resist corrosion (left tentacle)
 j - an amulet of magic regeneration (around mantle)
 l - a ring of willpower (right tentacle)
Scrolls
 a - 4 scrolls of magic mapping
 b - 3 scrolls of enchant armour
 d - a scroll of teleportation
 h - a scroll of holy word
 m - a scroll of noise
Potions
 c - a potion of cancellation {unknown}
 e - a potion of attraction {unknown}
 f - a potion of invisibility
 k - a potion of haste
 o - a potion of mutation
 p - a potion of might {unknown}


   Skills:
 * Level 4.1 Fighting
 - Level 2.0 Dodging
 + Level 6.6 Unarmed Combat
 * Level 5.5 Spellcasting
 * Level 5.7 Transmutations
 + Level 2.3 Poison Magic


You had 8 spell levels left.
You knew the following spells:

 Your Spells              Type           Power      Damage    Failure   Level
a - Beastly Appendage     Tmut           50%        N/A       1%          1
b - Wereblood             Tmut           25%        N/A       1%          2
c - Spider Form           Tmut/Pois      19%        N/A       7%          3
d - Ice Form              Ice/Tmut       15%        N/A       36%         4

Your spell library contained the following spells:

 Spells                   Type           Power      Damage    Failure   Level
 Apportation              Tloc           8%         N/A       13%         1
 Blink                    Tloc           8%         N/A       19%         2
 Ensorcelled Hibernation  Hex/Ice        10%        N/A       19%         2
 Lesser Beckoning         Tloc           4%         N/A       36%         3
 Ozocubu's Armour         Ice            5%         N/A       36%         3
 Alistair's Intoxication  Tmut/Pois      12%        N/A       54%         5
 Manifold Assault         Tloc           4%         N/A       98%         5
 Ozocubu's Refrigeration  Ice            2%         4d5       100%        7


Dungeon Overview and Level Annotations

Branches:
Dungeon (7/15)
 Temple: D:4-7

Altars:
Nemelex Xobeh
Xom
The Shining One

Shops:
D:5 ![[((

Annotations:
D:5 1 runed translucent door, RancidPinata's ghost, weakling GrDe


Innate Abilities, Weirdness & Mutations

You cannot wear most types of armour.
You are amphibious.
You can wear up to eight rings at the same time.
Your skin changes colour to match your surroundings (Stealth+).
Your rubbery body absorbs attacks. (AC +1, EV +1)
((You are camouflaged near water. (Stealth+)))
You have tentacles for arms and can constrict up to eight enemies at once.


Message History

The water moccasin is moderately wounded.
* * * LOW HITPOINT WARNING * * *
You feel very sick. The water moccasin closely misses you.
Unknown command.
* * * LOW HITPOINT WARNING * * *
You feel very sick.
The water moccasin completely misses you.
* * * LOW HITPOINT WARNING * * *
You feel very sick.
* * * LOW HITPOINT WARNING * * *
You feel very sick. The water moccasin misses you.
It was a potion of heal wounds.
You feel much better.
You feel sick. The water moccasin closely misses you.
Unknown command.
You feel sick. The water moccasin misses you.
You feel sick.
You closely miss the water moccasin.
The water moccasin is severely wounded.
You feel sick. The water moccasin closely misses you.
You bite the water moccasin!
The water moccasin is almost dead.
Your transformation is almost over.
The water moccasin bites you!
* * * LOW HITPOINT WARNING * * *
You feel sick. The water moccasin misses you.
You feel sick.
You feel sick.
You feel sick.
You are no longer poisoned.
You kill the water moccasin!
The scorpion completely misses you.
Okay, then.
As you read the scroll of teleportation, it crumbles to dust.
You feel strangely unstable. The scorpion closely misses you.
Unknown command.
Your transformation has ended.
The scorpion stings you.
You die...

.................................
##....(#.#...............#...##.#
#............#..................
##...#.......##...##.#..........#
.................................
##...#.###...#...###.###.#.#.####
#....................<..#.#.#
#...#.###...#...###.###.#.###
##'##.###...#..@.........
#..............s....###
#########...#...#####
#.......###### #.....#......#
###...#......## #...+........ #.#
#...#......## #.# #...#......#
#.#


You could see a scorpion.

Vanquished Creatures
  2 water moccasins
  An acid dragon (D:6)
  An ogre (D:5)
  2 centaurs
  A scorpion (D:6)
  A water moccasin zombie (D:6)
  A gnoll shaman (D:6)
  4 hounds (D:5)
  5 jellies
  2 orc priests
  3 iguanas
  Terence (D:2)
  An orc wizard (D:6)
  A hound zombie (D:5)
  7 adders
  20 gnolls
  3 white imps
  2 ufetubi
  An adder skeleton (D:4)
  A worm (D:3)
  5 dart slugs
  16 orcs
  7 ball pythons
  9 bats
  11 endoplasms
  5 giant cockroaches
  9 goblins
  9 hobgoblins
  10 jackals
  12 kobolds
  5 quokkas
  5 frilled lizards
  8 rats
171 creatures vanquished.

Vanquished Creatures (others)
  3 fungi (D:4)
  9 toadstools (D:4)
  2 withered plants (D:5)
14 creatures vanquished.

Grand Total: 185 creatures vanquished

Notes
Turn   | Place    | Note
-------+----------+-------------------------------------------
     0 | D:1      | ytrimaz the Octopode Transmuter began the quest for the
                  | Orb.
     0 | D:1      | Reached XP level 1. HP: 13/13 MP: 3/3
   139 | D:1      | Reached XP level 2. HP: 15/18 MP: 3/5
   622 | D:1      | Reached XP level 3. HP: 15/23 MP: 4/6
   625 | D:1      | Learned a level 2 spell: Wereblood
   629 | D:1      | Learned a level 3 spell: Spider Form
  1284 | D:2      | Noticed Terence
  1294 | D:2      | Killed Terence
  1295 | D:2      | Reached XP level 4. HP: 19/28 MP: 4/8
  1422 | D:2      | Found a faded altar of an unknown god.
  1590 | D:2      | Reached skill level 4 in Unarmed Combat
  1590 | D:2      | Reached XP level 5. HP: 5/34 MP: 4/9
  4223 | D:4      | Reached XP level 6. HP: 38/39 MP: 7/11
  4792 | D:4      | Found a sparkling altar of Nemelex Xobeh.
  5707 | D:4      | Reached XP level 7. HP: 36/45 MP: 12/12
  5881 | D:5      | Entered Level 5 of the Dungeon
  5923 | D:5      | Found a glowing golden altar of the Shining One.
  5943 | D:5      | Reached skill level 5 in Unarmed Combat
  6042 | D:5      | Found Jydoxemmuc's Antique Armour Shoppe.
  6811 | D:5      | Found Zytom's Weapon Shoppe.
  6811 | D:5      | Found Hufaj's Weapon Shop.
  6849 | D:5      | Reached skill level 1 in Poison Magic
  7114 | D:5      | Found a runed translucent door.
  7115 | D:5      | Noticed RancidPinata's ghost (weakling GrDe)
  7383 | D:5      | Reached skill level 5 in Transmutations
  7383 | D:5      | Reached XP level 8. HP: 32/52 MP: 14/14
  7529 | D:5      | Found Maff's Distillery.
  7532 | D:5      | Bought a potion of mutation for 104 gold pieces
  7585 | D:5      | Found Weacy's Armour Shop.
  7794 | D:6      | Found a shimmering altar of Xom.
  7800 | D:6      | Found a shimmering altar of Xom.
  7800 | D:6      | Found a shimmering altar of Xom.
  7801 | D:6      | Found a shimmering altar of Xom.
  7801 | D:6      | Found a shimmering altar of Xom.
  7975 | D:6      | Learned a level 4 spell: Ice Form
  8440 | D:6      | Reached skill level 6 in Unarmed Combat
  8611 | D:6      | Reached skill level 5 in Spellcasting
  8636 | D:6      | HP: 2/64 [gnoll (8)]
  9850 | D:7      | Slain by a scorpion

Illustrated notes

Levels and vault maps discovered:
D:1:      dpeg_arrival_lava_temple_mockup, layout_basic, minmay_tetromino_l4
D:2:      layout_rooms, shapermc_ecumenical_altar_totnotflames,
          minmay_crystal_room, uniq_terence
D:3:      layout_loops_ring, portal_sewer_entry_e
D:4:      cheibrodos_fertilizer, layout_basic, nemelex_diamond_rough_becter,
          corexii_corridor_pit
D:5:      layout_gridville, mainiacjoe_overflow_tiny_flanked, serial_shops,
          shop, shop, nicolae_shop_bloodbath_and_beyond, shop,
          nicolae_shop_window_shopping, gammafunk_ghost_grave
D:6:      layout_basic, xom_redecorated
D:7:      minmay_polygon_palace, layout_basic, minmay_temple_entry_butterflies

Skill      XL: |  1  2  3  4  5  6  7  8 |
---------------+-------------------------+-----
Transmutations | 3 4 5 |  5.7
Fighting       | 2 3 4 |  4.1
Unarmed Combat | 4 5 6 |  6.6
Spellcasting   | 3 4 5 |  5.5
Poison Magic   | 1 2 |  2.3
Dodging        | |  2.0

Action                   |  1- 3 |  4- 6 |  7- 9 || total
-------------------------+-------+-------+-------++-------
Melee: Unarmed           |    79 |   199 |   208 ||   486
       Constrict         |    20 |    27 |    17 ||    64
       Kick              |    12 |    22 |    11 ||    45
       Tentacles         |     8 |    15 |    12 ||    35
       Punch             |     3 |     1 |     4 ||     8
 Cast: Beastly Appendage |    20 |    34 |     8 ||    62
       Spider Form       |     1 |     8 |    19 ||    28
       Wereblood         |     1 |     2 |     2 ||     5
       Ice Form          |       |       |     1 ||     1
  Use: Scroll            |     7 |     3 |     3 ||    13
       Potion            |       |       |     1 ||     1
 Stab: Sleeping          |     4 |     6 |     2 ||    12
Armor: Skin              |    11 |    16 |     8 ||    35
Dodge: Dodged            |    77 |   139 |   195 ||   411

Table legend: (Time is in decaauts)
 A = Elapsed time spent in this place.
 B = Non-inter-level travel time spent in this place.
 C = Inter-level travel time spent in this place.
 D = Time resting spent in this place.
 E = Time spent auto-exploring this place.
 F = Levels seen in this place.
 G = Mean time per level.
                   A        B        C        D        E       F      G
               +--------+--------+--------+--------+--------+-----+--------+
         Total |   9807 |   9536 |    271 |    994 |   7069 |   7 | 1401.0 |
       Dungeon |   9807 |   9536 |    271 |    994 |   7069 |   7 | 1401.0 |
               +--------+--------+--------+--------+--------+-----+--------+

Top non-repeatable levels by time:
     D:5: 2146 daAuts
     D:4: 1880 daAuts
     D:2: 1704 daAuts
     D:6: 1345 daAuts
     D:1: 1280 daAuts
     D:3: 1170 daAuts
     D:7: 279 daAuts
